 Dungeon Crawl Stone Soup version 0.18-a0-1203-gbde16db (webtiles) character file.

2608 dvd the Basher (level 9, -6/94 HPs)
             Began as an Ogre Berserker on Feb 1, 2016.
             Was a Priest of Trog.
             Hit by a stone thrown by an orc warrior (16 damage)
             ... on level 7 of the Dungeon.
             The game lasted 00:22:35 (7734 turns).

dvd the Basher (Ogre Berserker)                     Turns: 7734, Time: 00:22:36

Health: -6/94      AC:  6    Str: 24    XL:     9   Next: 59%
Magic:  9/9        EV: 13    Int:  6    God:    Trog [***...]
Gold:   446        SH:  0    Dex: 12    Spells: 0 memorised, 8 levels left

rFire  . . .     SeeInvis .     a - +0 mace
rCold  . . .     Gourm    .     G - +2 robe {Archmagi}
rNeg   + + .     Faith    .     (no shield)
rPois  .         Spirit   .     (helmet restricted)
rElec  .         Dismiss  .     i - +0 cloak
rCorr  .         Reflect  .     (gloves unavailable)
SustAt .         Harm     .     (boots unavailable)
MR     ++...                    (no amulet)
Stlth  ++........               r - ring of positive energy
                                u - ring of positive energy

@: regenerating, very resistant to hostile enchantments, unstealthy
A: unfitting armour, tough skin 1
a: Berserk, Trog's Hand, Burn Spellbooks, Renounce Religion


You were on level 7 of the Dungeon.
You worshipped Trog.
Trog was most pleased with you.
You were not hungry.

You visited 2 branches of the dungeon, and saw 8 of its levels.

You collected 446 gold pieces.

Inventory:

Hand Weapons
 a - a +0 mace (weapon)
 e - a +0 flail
 j - a +0 flail
 s - a +0 war axe
 x - a +0 flail
 y - a +0 giant spiked club
 H - a +0 war axe
 I - a +0 flail
 K - a +0 mace
 P - a +2 halberd of protection
Missiles
 d - 185 stones (quivered)
Armour
 b - a +0 animal skin
 f - a +0 robe
 i - a +0 cloak (worn)
 D - a +2 robe of the Archmagi
 G - a +2 robe of the Archmagi (worn)
Jewellery
 l - an uncursed ring of teleportation
 o - an uncursed ring of resist corrosion
 r - a ring of positive energy (right hand)
 u - a ring of positive energy (left hand)
Wands
 B - a wand of polymorph (9/24)
 E - a wand of draining (6/15)
 J - a wand of random effects (26/48)
 M - a wand of flame (8/48)
Scrolls
 h - 8 scrolls of identify {unknown}
 m - a scroll of blinking {unknown}
 n - 2 scrolls of remove curse
 p - 2 scrolls of magic mapping {unknown}
 q - a scroll of amnesia {unknown}
 t - 4 scrolls of noise {unknown}
 z - 2 scrolls of enchant weapon {unknown}
 A - a scroll of recharging {unknown}
 L - a scroll of teleportation {unknown}
Potions
 v - 2 potions of cure mutation
 w - a potion of invisibility
 F - a potion of flight {unknown}
Comestibles
 c - 3 bread rations
 g - 2 slices of pizza
 k - 3 beef jerkies


   Skills:
 + Level 7.7 Fighting
 + Level 8.9 Maces & Flails
 + Level 0.2 Polearms
 + Level 4.8 Throwing
 + Level 7.6 Dodging
 + Level 3.1 Stealth


You had 8 spell levels left.
You didn't know any spells.

Dungeon Overview and Level Annotations

Branches:
Dungeon (7/15)             Temple (1/1) D:5

Altars:
Ashenzari
Cheibriados
Dithmenos
Elyvilon
Fedhas
Gozag
Kikubaaqudgha
Makhleb
Nemelex Xobeh
Okawaru
Pakellas
Qazlal
Ru
Sif Muna
Trog
Vehumet
Xom
Yredelemnul
The Shining One

Annotations:
D:5 1 runed door


Innate Abilities, Weirdness & Mutations

You are too large for most types of armour.
You have tough skin (AC +1).


Message History

a - a +0 mace (weapon)
The orc priest hits you with a club.
* * * LOW HITPOINT WARNING * * *
You barely miss the orc priest.
The orc priest hits you but does no damage.
You thump the orc priest!
The orc priest is heavily wounded.
The orc warrior throws a stone.
The stone hits you but does no damage.
The orc priest mumbles some strange prayers to Beogh against you.
You resist with significant effort.
Your skin crawls.
You feel resistant to hostile enchantments.
You feel slightly more hungry.
The orc warrior throws a stone.
The stone hits you!
* * * LOW HITPOINT WARNING * * *
The orc priest misses you.
The orc warrior throws a stone.
The stone misses you.
You see here a stone.
The orc warrior throws a stone.
The stone hits you!
You die...

#...# #o. #.#.#(# .
#.#.#(# #.#.#(# #.#.#(#
#.#.#.# #.#.#<#
..#.#.#######
######.#@.......
#..5o..((..(.###
#.#(##o####..... ##
#.#.##.####.#### ..
#.#.##....#.# #
#.#.##......#
#########.#o#####...#
.........(.....o..#.#
#########.#.#####.......


You could see an orc warrior, an orc priest and a shadow imp.

Vanquished Creatures
  The ghost of Mygna the Archer, a novice CeHu (D:6)
  A hungry ghost (D:7)
  2 water moccasins
  2 orc warriors
  A black bear (D:6)
  3 phantoms
  3 ogres
  A necrophage (D:6)
  A giant frog (D:6)
  2 scorpions
  A crimson imp (D:6)
  A giant frog zombie (D:5)
  A giant frog skeleton (D:5)
  A hound (D:5)
  4 orc priests
  6 orc wizards
  2 iguanas (D:5)
  5 worker ants
  2 hound skeletons
  A hound zombie (D:4)
  8 adders
  A shadow imp (D:6)
  4 adder zombies (D:3)
  2 worms
  5 giant geckos
  16 orcs
  12 bats
  6 giant cockroaches
  8 hobgoblins
  10 kobolds
  4 quokkas
  A giant cockroach zombie (D:6)
  A giant gecko skeleton (D:6)
  5 giant newts
  5 goblins
  A jackal zombie (D:3)
  A kobold zombie (D:5)
  A quokka skeleton (D:4)
  A quokka zombie (D:3)
  8 rats
141 creatures vanquished.

Notes
Turn   | Place    | Note
--------------------------------------------------------------
     0 | D:1      | dvd the Ogre Berserker began the quest for the Orb.
     0 | D:1      | Reached XP level 1. HP: 24/24 MP: 1/1
    83 | D:1      | Reached XP level 2. HP: 32/32 MP: 2/2
   677 | D:1      | Reached ** piety under Trog
   677 | D:1      | Reached XP level 3. HP: 35/39 MP: 3/3
  1361 | D:2      | Found a shadowy altar of Dithmenos.
  1361 | D:2      | Found a sparkling altar of Nemelex Xobeh.
  1604 | D:2      | Reached XP level 4. HP: 22/49 MP: 4/4
  1909 | D:3      | Found a shattered altar of Ashenzari.
  1939 | D:3      | Reached skill level 5 in Maces & Flails
  1939 | D:3      | Reached skill level 1 in Throwing
  1939 | D:3      | Reached XP level 5. HP: 43/55 MP: 5/5
  2234 | D:3      | Reached skill level 1 in Stealth
  2743 | D:3      | Reached XP level 6. HP: 55/65 MP: 6/6
  2966 | D:3      | Reached *** piety under Trog
  3143 | D:4      | Noticed a phantom
  3192 | D:3      | Killed a phantom
  3192 | D:3      | Reached skill level 5 in Fighting
  3404 | D:4      | Noticed a phantom
  3409 | D:4      | Reached skill level 6 in Maces & Flails
  3497 | D:4      | Reached XP level 7. HP: 38/72 MP: 7/7
  3540 | D:4      | Reached skill level 5 in Dodging
  4383 | D:5      | Entered Level 5 of the Dungeon
  4607 | D:5      | Reached skill level 7 in Maces & Flails
  4607 | D:5      | Reached XP level 8. HP: 67/83 MP: 8/8
  4643 | D:5      | Found a staircase to the Ecumenical Temple.
  4655 | Temple   | Entered the Ecumenical Temple
  5384 | D:5      | Found a runed door.
  5388 | D:5      | Found a basalt altar of Yredelemnul.
  6035 | D:6      | Noticed Mygna's ghost (novice CeHu)
  6056 | D:6      | Killed Mygna's ghost
  6056 | D:6      | Reached skill level 8 in Maces & Flails
  6056 | D:6      | Reached XP level 9. HP: 93/93 MP: 9/9
  6875 | D:7      | Found a radiant altar of Vehumet.
  7734 | D:7      | Hit by a stone thrown by an orc warrior

Vault maps used:
D:1:      evilmike_arrival_run_for_it, minivault_11
D:2:      gammafunk_temple_overflow_elements, first_bread
D:3:      overflow_temple_1_default, serial_undead, serial_undead_a,
          serial_undead_c, serial_undead_c, serial_undead_d, kennysheep_potato
D:5:      minmay_temple_entry_poolview, solitary_fountain, dk_yredelemnul_ordeal
D:7:      zin_scriptorium, the_bakery, vehumet_altar_wand_db
Temple:   lightli_temple_of_artemis

Action                   |  1- 3 |  4- 6 |  7- 9 || total
-------------------------+-------+-------+-------++-------
Melee: Mace              |   113 |    45 |     2 ||   160
       Flail             |       |   165 |   199 ||   364
       Giant spiked club |       |       |    13 ||    13
       Halberd           |       |       |    33 ||    33
Throw: Stone             |    19 |    24 |    23 ||    66
       Tomahawk          |       |       |    57 ||    57
Invok: Burn Spellbooks   |     1 |       |     1 ||     2
       Berserk           |       |     4 |     5 ||     9
       Trog's Hand       |       |     2 |     4 ||     6
  Use: Scroll            |     1 |       |     1 ||     2
       Potion            |       |     2 |     2 ||     4
 Stab: Sleeping          |     2 |     1 |     1 ||     4
  Eat: Chunk             |     2 |    10 |    14 ||    26
       Meat ration       |       |       |     1 ||     1
       Bread ration      |       |       |     2 ||     2
